 Dungeon Crawl Stone Soup version 0.17.1-3-g152610e (webtiles) character file.

6660 Jerry the Covert (level 11, -19/74 HPs)
             Began as an Octopode Monk on Mar 8, 2016.
             Was a Priest of Cheibriados.
             Killed from afar by Maurice (24 damage)
             ... with a wand of fire
             ... on level 9 of the Dungeon on Mar 9, 2016.
             The game lasted 01:18:23 (12463 turns).

Jerry the Covert (Octopode Monk)                   Turns: 12463, Time: 01:18:24

Health: -19/74     AC:  1    Str: 15 (17) XL:     11   Next: 3%
Magic:  12/12      EV: 18    Int: 20      God:    Cheibriados [***...]
Gold:   198        SH: 15    Dex: 28      Spells: 0 memorised, 10 levels left

rFire  . . .     SeeInvis .       - Unarmed
rCold  . . .     Clarity  .     w - +0 large shield
rNeg   . . .     SustAt   .     (helmet restricted)
rPois  .         Gourm    +     k - amulet of the gourmand
rElec  .         Spirit   .     I - +3 ring of dexterity
rCorr  .         Warding  .     H - ring of teleportation (curse)
rMut   .         Rnd*Tele +     (no ring)
MR     +....                    (no ring)
Stlth  +++++++...               (no ring)
                                (no ring)
                                (no ring)
                                (no ring)

@: very slow, somewhat resistant to hostile enchantments, extremely stealthy
A: almost no armour, amphibious, 8 rings, constrict 8, camouflage 1, low mp 2,
magic resistance 1, gelatinous body 1, evolution 1, no device heal 1
a: Bend Time, Temporal Distortion, Renounce Religion, Evoke Teleportation


You were on level 9 of the Dungeon.
You worshipped Cheibriados.
Cheibriados was most pleased with you.
You were completely stuffed.

You visited 2 branches of the dungeon, and saw 10 of its levels.

You collected 308 gold pieces.
You spent 110 gold pieces at shops.

Inventory:

Missiles
 d - 8 tomahawks (quivered)
Armour
 w - a +0 large shield (worn)
Jewellery
 k - an amulet of the gourmand (around mantle)
 r - an uncursed amulet of resist mutation
 H - a cursed ring of teleportation (right tentacle)
 I - a +3 ring of dexterity (left tentacle)
Wands
 t - a wand of enslavement (5)
 v - a wand of disintegration (4)
 A - a wand of disintegration (16)
Scrolls
 b - 2 scrolls of enchant armour {unknown}
 e - a scroll of noise {unknown}
 f - a scroll of magic mapping
 g - a scroll of random uselessness {unknown}
 h - a scroll of teleportation {unknown}
 i - 5 scrolls of remove curse
 o - 4 scrolls of fog
 x - a scroll of amnesia {unknown}
 y - 4 scrolls of fear {unknown}
 B - a scroll of torment {unknown}
 E - a scroll of brand weapon {unknown}
 F - a scroll of silence {unknown}
Potions
 m - 2 potions of resistance
 p - a potion of flight
 q - 2 potions of cancellation
 s - a potion of lignification
 u - a potion of brilliance {unknown}
 G - a potion of poison {unknown}
 J - 2 potions of curing
Books
 C - a book of Flames

   Spells                             Type                      Level
   a - Flame Tongue                   Conjuration/Fire             1
   b - Throw Flame                    Conjuration/Fire             2
   c - Conjure Flame                  Conjuration/Fire             3
   d - Inner Flame                    Hexes/Fire                   3
   e - Sticky Flame                   Conjuration/Fire             4
   f - Fireball                       Conjuration/Fire             5
 D - a book of Maledictions

   Spells                             Type                      Level
   a - Corona                         Hexes                        1
   b - Ensorcelled Hibernation        Hexes/Ice                    2
   c - Confuse                        Hexes                        3
   d - Tukima's Dance                 Hexes                        3
   e - Dazzling Spray                 Conjuration/Hexes            3
 K - a book of Dreams

   Spells                             Type                      Level
   a - Ensorcelled Hibernation        Hexes/Ice                    2
   b - Phase Shift                    Translocation                5
   c - Shadow Creatures               Summoning                    5
   d - Silence                        Hexes/Air                    5
   e - Darkness                       Hexes                        6
   f - Mass Confusion                 Hexes                        6
Comestibles
 a - 6 bread rations
 c - 6 fruits
 j - 2 slices of pizza
 l - a royal jelly
 n - 4 meat rations
 z - a beef jerky


   Skills:
 - Level 6.7 Fighting
 + Level 8.6 Dodging
 - Level 10.0 Stealth
 * Level 5.9 Shields
 + Level 8.9 Unarmed Combat
 - Level 5.5 Invocations


You had 10 spell levels left.
You didn't know any spells.

Dungeon Overview and Level Annotations

Branches:
Dungeon (9/15)             Temple (1/1) D:5
   Lair: D:8-11         Orc: D:9-12

Altars:
Ashenzari
Cheibriados
Dithmenos
Elyvilon
Fedhas
Gozag
Kikubaaqudgha
Makhleb
Nemelex Xobeh
Okawaru
Qazlal
Ru
Trog
Vehumet
Xom
Yredelemnul
Zin
The Shining One

Shops:
D:6 [(   D:9 !}

Annotations:
D:5 Sarmenti's ghost, amateur GrFi
D:9 Maurice


Innate Abilities, Weirdness & Mutations

You cannot wear most types of armour.
You are amphibious.
You can wear up to eight rings at the same time.
You can use your tentacles to constrict eight enemies at once.
Your skin changes colour to match your surroundings (Stealth).
Your rubbery body absorbs attacks (AC +1).
Your magical capacity is very low (-20% MP).
You are resistant to hostile enchantments.
You evolve.
Potions and wands are less effective at restoring your health.


Message History

A bolt of fire appears from out of thin air!
The bolt of fire hits you!
* * * LOW HITPOINT WARNING * * *
The bolt of fire hits the plant.
You hear a zap.
A bolt of fire appears from out of thin air!
The bolt of fire hits you!
* * * LOW HITPOINT WARNING * * *
The bolt of fire hits the plant.
You hear a zap.
A bolt of fire appears from out of thin air!
The bolt of fire misses you.
The bolt of fire hits the plant.
The plant is destroyed!
You hear a zap.
A bolt of fire appears from out of thin air!
The bolt of fire misses you.
You hear a zap.
A bolt of fire appears from out of thin air!
The bolt of fire hits you!
You die...

.....# PP...P..P......
####.# #.PP...P.P........ #
#.# ##.P.PP..........#
####.# #....P. P.P...P..#
.....# ##..P.P# #.P....#
.(...# #..P...# #P.PP..#
.....# #...P.P# #P†.P..#
.....# #....P.##+#P....##
.....# #...P...@.).P...###
.....####.#....P†)..........
..........#...P)P.P.........
.......#......)..P....#.....
.......#............###.#...
.......#.........#### .#...
.....@.#..######## ..
....####..######.
..#.#...†........


There were no monsters in sight!

Vanquished Creatures
  An ugly thing (D:8)
  The ghost of azazzel4ik the Covert, a novice SpAs (D:7)
  A deep elf mage (D:9)
  The ghost of Sarmenti the Cudgeler, an amateur GrFi (D:6)
  A wyvern (D:9)
  3 yaks (D:9)
  Grum (D:9)
  A hippogriff (D:7)
  4 wolves (D:9)
  A water moccasin (D:8)
  3 ice beasts
  2 black bears
  3 orc warriors
  3 sky beasts
  3 phantoms
  3 centaurs
  4 ogres
  A big kobold (D:8)
  4 giant frogs
  2 scorpions
  5 killer bees (D:8)
  A wasp zombie (D:6)
  2 giant frog zombies
  3 crimson imps
  3 giant frog skeletons
  2 centaur skeletons
  3 orc priests
  4 iguanas
  2 hounds
  5 jellies
  12 orc wizards
  A quasit (D:7)
  5 worker ants
  A hound skeleton (D:4)
  A worker ant zombie (D:7)
  3 gnolls (D:3)
  3 shadow imps
  8 adders
  2 oozes
  3 adder skeletons
  An adder zombie (D:5)
  2 worms
  10 giant geckos
  42 orcs
  8 bats
  10 giant cockroaches
  8 hobgoblins
  2 jackals (D:6)
  7 quokkas
  A giant cockroach zombie (D:5)
  10 giant newts
  12 goblins
  10 kobolds
  A quokka zombie (D:5)
  13 rats
249 creatures vanquished.

Vanquished Creatures (others)
  6 fungi (D:9)
  2 plants (D:9)
8 creatures vanquished.

Grand Total: 257 creatures vanquished

Notes
Turn   | Place    | Note
--------------------------------------------------------------
     0 | D:1      | Jerry the Octopode Monk began the quest for the Orb.
     0 | D:1      | Reached XP level 1. HP: 16/16 MP: 1/1
   186 | D:1      | Reached XP level 2. HP: 19/21 MP: 2/2
   825 | D:2      | Reached XP level 3. HP: 26/26 MP: 3/3
  1132 | D:2      | Reached XP level 4. HP: 28/31 MP: 4/4
  1245 | D:2      | Found a faded altar to an unknown god.
  1707 | D:3      | Reached XP level 5. HP: 24/36 MP: 5/5
  2184 | D:3      | Reached skill level 5 in Unarmed Combat
  2730 | D:4      | Found a bloodstained altar of Trog.
  2735 | D:4      | Reached XP level 6. HP: 35/42 MP: 6/6
  2891 | D:4      | Found an opulent altar of Gozag.
  2916 | D:4      | Found a stormy altar of Qazlal.
  2931 | D:4      | Noticed a centaur
  2939 | D:4      | Killed a centaur
  2939 | D:4      | Reached skill level 5 in Stealth
  3029 | D:4      | Reached skill level 5 in Dodging
  3051 | D:4      | Noticed an ogre
  3149 | D:5      | Entered Level 5 of the Dungeon
  3166 | D:4      | Found a blossoming altar of Fedhas.
  3211 | D:4      | Noticed a phantom
  3221 | D:4      | HP: 2/43 [iguana (14)]
  3349 | D:5      | Noticed Sarmenti's ghost (amateur GrFi)
  3625 | D:4      | Reached XP level 7. HP: 34/48 MP: 7/7
  3675 | D:4      | Killed a phantom
  4238 | D:4      | Killed an ogre
  4238 | D:4      | Reached skill level 6 in Stealth
  5125 | D:5      | Reached XP level 8. HP: 51/54 MP: 8/8
  5372 | D:5      | Reached skill level 5 in Fighting
  5372 | D:5      | Reached skill level 7 in Stealth
  5425 | D:5      | Found a staircase to the Ecumenical Temple.
  5449 | Temple   | Entered the Ecumenical Temple
  5470 | Temple   | Became a worshipper of Cheibriados the Contemplative
  5470 | Temple   | Reached * piety under Cheibriados
  5470 | Temple   | Reached ** piety under Cheibriados
  6140 | D:6      | Killed Sarmenti's ghost
  6140 | D:6      | Reached skill level 8 in Stealth
  6797 | D:6      | Reached skill level 1 in Invocations
  6797 | D:6      | Reached XP level 9. HP: 53/62 MP: 5/10
  6838 | D:6      | Found Cauhun's Antique Armour Shoppe.
  7385 | D:6      | Found Ryhuckad's Gadget Shop.
  8153 | D:6      | Reached skill level 9 in Stealth
  8173 | D:6      | Found Usumoisu's Weapon Shop.
  8192 | D:6      | Found a shadowy altar of Dithmenos.
  8535 | D:7      | Noticed azazzel4ik's ghost (novice SpAs)
  8572 | D:7      | Killed azazzel4ik's ghost
  8822 | D:7      | Reached skill level 5 in Invocations
  8965 | D:7      | Reached XP level 10. HP: 52/69 MP: 9/13
  9779 | D:7      | Reached skill level 10 in Stealth
 10129 | D:8      | Found a white marble altar of Elyvilon.
 10132 | D:8      | Noticed a white ugly thing
 10188 | D:8      | Reached skill level 1 in Shields
 11138 | D:8      | Gained mutation: You evolve. [mutagenic meat]
 11139 | D:8      | Gained mutation: You are occasionally teleported next to monsters. [mutagenic meat]
 11144 | D:8      | Gained mutation: You are resistant to hostile enchantments. [mutagenic meat]
 11145 | D:8      | Gained mutation: Your body sometimes deteriorates upon taking damage. [mutagenic meat]
 11170 | D:8      | Killed a white ugly thing
 11597 | D:9      | Found Kouvaeni's Distillery.
 11605 | D:9      | Reached *** piety under Cheibriados
 11618 | D:9      | Bought a potion of mutation for 25 gold pieces
 11618 | D:9      | Bought a potion of mutation for 25 gold pieces
 11618 | D:9      | Bought 2 potions of lignification for 60 gold pieces
 11618 | D:9      | Gained mutation: Potions and wands are less effective at restoring your health. [potion of mutation]
 11618 | D:9      | Gained mutation: Your magical capacity is low (-10% MP). [potion of mutation]
 11619 | D:9      | Gained mutation: Your magical capacity is very low (-20% MP). [potion of mutation]
 11619 | D:9      | Lost mutation: You are occasionally teleported next to monsters. [potion of mutation]
 11798 | D:9      | Noticed Maurice
 11850 | D:9      | Found Moxigh's Gadget Emporium.
 11900 | D:9      | Noticed Grum
 11914 | D:9      | Reached skill level 5 in Shields
 11920 | D:9      | Killed Grum
 12274 | D:9      | Reached XP level 11. HP: 67/74 MP: 9/12
 12439 | D:9      | Lost mutation: Your body sometimes deteriorates upon taking damage. [evolution]
 12463 | D:9      | Killed from afar by Maurice

Action                   |  1- 3 |  4- 6 |  7- 9 | 10-12 || total
-------------------------+-------+-------+-------+-------++-------
Melee: Unarmed           |    68 |   152 |   303 |   217 ||   740
Throw: Stone             |       |     4 |     8 |       ||    12
       Tomahawk          |       |       |    20 |     8 ||    28
Invok: Bend Time         |       |       |    20 |    17 ||    37
  Use: Scroll            |     1 |     2 |     3 |     6 ||    12
       Potion            |       |     2 |     6 |     4 ||    12
 Stab: Sleeping          |    11 |    12 |     9 |    22 ||    54
       Distracted        |       |     1 |     2 |     1 ||     4
  Eat: Chunk             |     1 |     8 |    17 |    21 ||    47
       Fruit             |       |       |     1 |       ||     1
